 Dungeon Crawl Stone Soup version 0.22-a0-93-g6b88ebb (webtiles) character file.

259 KristoblXynda the Ruffian (level 5, -4/41 HPs)
             Began as a Draconian Gladiator on Jan 24, 2018.
             Shot with an arrow by a centaur (7 damage)
             ... on level 3 of the Dungeon.
             The game lasted 00:05:21 (2780 turns).

KristoblXynda the Ruffian (Draconian Gladiator)     Turns: 2780, Time: 00:05:22

Health: -4/41      AC:  8    Str: 16    XL:     5   Next: 95%
Magic:  5/5        EV: 13    Int: 10    God:
Gold:   63         SH:  0    Dex: 12    Spells: 4/4 levels left

rFire    . . .     SeeInvis .     - Unarmed
rCold    . . .     Gourm    .   (no shield)
rNeg     . . .     Faith    .   (armour unavailable)
rPois    .         Spirit   .   p - +2 hat
rElec    .         Reflect  .   (no cloak)
rCorr    .         Harm     .   (no gloves)
MR       .....                  i - +0 pair of boots
Stlth    +.........             (no amulet)
HPRegen  0.13/turn              (no ring)
MPRegen  0.09/turn              (no ring)

@: no status effects
A: unfitting armour, cold-blooded, AC +5
a: no special abilities


You were on level 3 of the Dungeon.
You were not hungry.

You visited 1 branch of the dungeon, and saw 3 of its levels.

You collected 63 gold pieces.

Inventory:

Missiles
 b - 3 throwing nets (quivered)
Armour
 h - a +0 shield
 i - a +0 pair of boots (worn)
 p - a +2 hat (worn)
Wands
 a - a wand of iceblast (9)
Scrolls
 d - 3 scrolls of identify
 e - a scroll of fear {unknown}
 f - a scroll of enchant armour {unknown}
 j - a scroll of remove curse {unknown}
 k - a scroll of immolation {unknown}
 m - 2 scrolls of teleportation {unknown}
Potions
 g - a potion of might
 n - 2 potions of haste
Comestibles
 c - 4 rations
 l - 6 chunks of flesh


   Skills:
 - Level 2.1 Fighting
 - Level 2.1 Throwing
 + Level 4.0 Dodging
 * Level 5.6 Unarmed Combat


You had 4 spell levels left.
You didn't know any spells.

Dungeon Overview and Level Annotations

Branches:
Dungeon (3/15)

Altars:


Innate Abilities, Weirdness & Mutations

Your plain brown scales are hard. (AC +5)
You cannot fit into any form of body armour.
You are cold-blooded and may be slowed by cold attacks.


Message History

An orc comes into view. It is wielding a whip.
The orc shouts!
You hear a shout! x2
A centaur comes into view.
The centaur shouts!
The centaur wields a shortbow.
The centaur shoots an arrow.
The arrow hits you.
The centaur shoots an arrow.
The arrow barely misses you.
You see here 2 arrows.
The centaur shoots an arrow.
The arrow barely misses you.
The orc priest looks encouraged for a moment.
An orc comes into view. It is wielding a club.
The centaur shoots an arrow.
The arrow hits you!
* * * LOW HITPOINT WARNING * * *
The centaur shoots an arrow.
The arrow hits you!
* * * LOW HITPOINT WARNING * * *
You see here an arrow.
The centaur shoots an arrow.
The arrow hits you but does no damage.
You see here an arrow.
The centaur shoots an arrow.
The arrow closely misses you.
The centaur shoots an arrow.
The arrow hits you!
You die...

#.......##...#####.o..#....#.
#......###.).#####o...'....+
######## #(.c.(.c.o..#....#
#.(#####.........#
####).#####.........#
#..)).#.....#.......#
#.###.#.....#...... #>
#(#.....#...... ##
#@#.....####### #.#o.....
#.#....## #...... #######


You could see a centaur.

Vanquished Creatures
  An orc priest (D:3)
  Jessica (D:2)
  An orc wizard (D:3)
  Robin (D:2)
  4 gnolls
  2 adders (D:2)
  An ooze (D:2)
  3 worms (D:2)
  2 dart slugs
  2 leopard geckos (D:2)
  10 orcs (D:3)
  A ball python (D:1)
  5 bats
  5 giant cockroaches
  7 hobgoblins
  3 jackals (D:2)
  2 quokkas (D:2)
  3 frilled lizards (D:2)
  14 goblins
  6 kobolds
  8 rats
82 creatures vanquished.

Notes
Turn   | Place    | Note
-------+----------+-------------------------------------------
     0 | D:1      | KristoblXynda the Draconian Gladiator began the quest for the Orb.
     0 | D:1      | Reached XP level 1. HP: 17/17 MP: 1/1
   245 | D:1      | You fall through a shaft!
   272 | D:2      | Reached XP level 2. HP: 24/24 MP: 2/2
   421 | D:2      | Noticed Jessica
   448 | D:2      | Killed Jessica
   448 | D:2      | Reached skill level 4 in Unarmed Combat
   448 | D:2      | Reached XP level 3. HP: 12/29 MP: 3/3
   658 | D:2      | Noticed Robin
   692 | D:2      | Reached XP level 4. HP: 25/36 MP: 4/4
   704 | D:2      | Killed Robin
   860 | D:2      | Noticed an ogre
  1916 | D:3      | Reached XP level 5. HP: 41/41 MP: 5/5
  2082 | D:2      | Reached skill level 5 in Unarmed Combat
  2771 | D:3      | Noticed a centaur
  2775 | D:3      | HP: 2/41 [centaur/arrow (8)]
  2780 | D:3      | Shot with an arrow by a centaur

Vault maps used:
D:1:      sevenhm_arrival_forest_fort_small_5
D:2:      uniq_robin, uniq_jessica
D:3:      first_ration, serial_glass, glass_columns_b, glass_columns_a,
          due_unseen_surprise, minmay_strange_pillars

Skill      XL: |  1  2  3  4  5 |
---------------+----------------+-----
Throwing       | 2 |  2.1
Dodging        | 3 4 |  4.0
Unarmed Combat | 4 5 |  5.6
Fighting       | |  2.1

Action                   |  1- 3 |  4- 6 || total
-------------------------+-------+-------++-------
Melee: Unarmed           |    97 |   216 ||   313
       Tailslap          |    10 |    32 ||    42
       Punch             |       |     3 ||     3
  Use: Scroll            |       |     4 ||     4
       Potion            |       |     2 ||     2
 Stab: Sleeping          |     2 |     1 ||     3
  Eat: Chunk             |       |     3 ||     3
       Ration            |       |     1 ||     1
Armor: Skin              |    31 |    61 ||    92
Dodge: Dodged            |    67 |   116 ||   183

Table legend:
 A = Spawn XP
 B = Non-spawn XP
 C = Spawn XP percentage of total XP
 D = Spawn monster count
 E = Non-spawn monster count
 F = Spawn count percentage of total count
 G = Total turns spent on level
                    A         B        C        D         E        F      G
               +---------+---------+-------+---------+---------+-------+---------
         Total |       0 |     371 |   0.0 |       0 |      82 |   0.0 |  2780
               +---------+---------+-------+---------+---------+-------+---------
           D:1 |       0 |      23 |   0.0 |       0 |      12 |   0.0 |   608
           D:2 |       0 |     218 |   0.0 |       0 |      52 |   0.0 |  1771
           D:3 |       0 |     130 |   0.0 |       0 |      18 |   0.0 |   401
               +---------+---------+-------+---------+---------+-------+---------
